 Dungeon Crawl Stone Soup version 0.24-a0-434-gd57e52fea8 (webtiles) character file.

Game seed: 16235967329582095702

62 Pixllover the Chopper (level 3, -6/51 HPs)
             Began as a Minotaur Berserker on June 16, 2019.
             Was a Believer of Trog.
             Mangled by Sigmund
             ... wielding a +0 scythe
              (13 damage)
             ... on level 2 of the Dungeon.
             The game lasted 00:03:15 (1210 turns).

Pixllover the Chopper (Minotaur Berserker)          Turns: 1210, Time: 00:03:16

Health: -6/51      AC:  4    Str: 27    XL:     3   Next: 85%
Magic:  2/2        EV: 13    Int:  4    God:    Trog [**....]
Gold:   32         SH:  0    Dex: 11    Spells: 2/2 levels left

rFire    . . .     SeeInvis .   a - +0 hand axe
rCold    . . .     Gourm    .   (no shield)
rNeg     . . .     Faith    .   b - +0 animal skin
rPois    .         Spirit   .   (helmet restricted)
rElec    .         Reflect  .   i - +0 cloak
rCorr    .         Harm     .   (no gloves)
MR       .....                  m - +0 pair of boots
Stlth    ..........             (no amulet)
HPRegen  0.17/turn              d - ring of stealth
MPRegen  0.08/turn              n - +2 ring of dexterity

@: berserking, very quick
A: retaliatory headbutt, horns 2
a: Berserk, Trog's Hand, Renounce Religion


You were on level 2 of the Dungeon.
You worshipped Trog.
Trog was pleased with you.
You were hungry.

You visited 1 branch of the dungeon, and saw 2 of its levels.

You collected 32 gold pieces.

Inventory:

Hand Weapons
 a - a +0 hand axe (weapon)
Missiles
 f - 8 silver javelins (quivered)
Armour
 b - a +0 animal skin (worn)
 i - a +0 cloak (worn)
 m - a +0 pair of boots (worn)
Jewellery
 d - a ring of stealth (left hand)
 n - a +2 ring of dexterity (right hand)
Wands
 r - a wand of enslavement (8)
Scrolls
 g - a scroll of identify
 j - a scroll of noise {unknown}
 k - 2 scrolls of teleportation
 o - a scroll of remove curse {unknown}
 p - a scroll of fog {unknown}
Potions
 e - a potion of flight
 h - a potion of curing {unknown}
 l - a potion of lignification {unknown}
Comestibles
 c - 2 rations
 q - 4 chunks of flesh


   Skills:
 + Level 4.5 Fighting
 + Level 4.5 Axes
 + Level 2.5 Armour
 + Level 2.8 Dodging
 + Level 0.2 Stealth


You had 2 spell levels left.
You didn't know any spells.
Your spell library was empty.

Dungeon Overview and Level Annotations

Branches:
Dungeon (2/15)

Altars:

Annotations:
D:2 Sigmund


Innate Abilities, Weirdness & Mutations

You reflexively headbutt those who attack you in melee.
You have a pair of horns on your head.


Message History

You hit the goblin.
You kill the goblin!
Trog accepts your kill. Sigmund barely misses you.
You barely miss Sigmund. You hit Sigmund.
Sigmund is lightly wounded.
Sigmund mumbles some strange words.
Sigmund flickers and vanishes!
Deactivating autopickup; reactivate with Ctrl-A.
You barely miss something. You headbutt something. Something hits you.
You closely miss something. Something hits you!
You barely miss something. You headbutt something. You closely miss something.
You headbutt something! Something hits you!
* * * LOW HITPOINT WARNING * * *
A red film seems to cover your vision as you go berserk!
You feel yourself moving faster!
You feel mighty!
You are feeling hungry.
Something hits you!
You die...

..##.#
#..#######.#
####.# #..#
#.# #.# #..#
#.# ..# #..#
#.# ### #..#
#.# #..# #.#
#..# ####.#
#.####..#
#....#
#....)@.#
#.##.#
#..#.{...#
#.##.######.
# #.....#
#.#֠.......
.......#
#.#.........
#.#.....#
#.#.(.#####.
#.#.....#
#.##.## #
#######
#.##.#
#.#..#
#.#.##


There were no monsters in sight!

Vanquished Creatures
  An adder (D:2)
  An ooze (D:1)
  A worm (D:2)
  A dart slug (D:1)
  A leopard gecko (D:2)
  4 giant cockroaches (D:1)
  10 goblins
  4 hobgoblins
  5 bats
  3 frilled lizards
  6 kobolds
  4 rats (D:2)
41 creatures vanquished.

Notes
Turn   | Place    | Note
-------+----------+-------------------------------------------
     0 | D:1      | Pixllover the Minotaur Berserker began the quest for the
                  | Orb.
     0 | D:1      | Reached XP level 1. HP: 19/19 MP: 0/0
    82 | D:1      | You fall into a shaft and drop 1 floor!
    93 | D:2      | Reached XP level 2. HP: 26/27 MP: 1/1
   165 | D:1      | HP: 1/27 [goblin (3)]
   500 | D:1      | Reached ** piety under Trog
   527 | D:1      | Reached XP level 3. HP: 31/34 MP: 2/2
  1195 | D:2      | Noticed Sigmund
  1210 | D:2      | Mangled by Sigmund

Levels and vault maps discovered:
D:1:      dpeg_arrival_shelter, layout_basic
D:2:      layout_loops_ring, uniq_sigmund

Skill      XL: |  1  2 |
---------------+-------+-----
Axes           | 4 |  4.5
Fighting       | 4 |  4.5
Armour         | |  2.5
Dodging        | |  2.8
Stealth        | |  0.2

Action                   || total
-------------------------++-------
Melee: Hand axe          ||    89
       Headbutt          ||    14
Invok: Berserk           ||     1
  Use: Scroll            ||     2
 Stab: Sleeping          ||     2
  Eat: Chunk             ||     1
Armor: Animal skin       ||    22
Dodge: Dodged            ||    58

Table legend:
 A = Non-vault XP
 B = Vault XP
 C = Vault XP percentage of total XP
 D = Non-vault monster count
 E = Vault monster count
 F = Vault count percentage of total count
                 A         B        C        D         E       F
            +---------+---------+-------+---------+---------+-------
      Total |      89 |       0 |   0.0 |      41 |       0 |   0.0
            +---------+---------+-------+---------+---------+-------
        D:1 |      49 |       0 |   0.0 |      24 |       0 |   0.0
        D:2 |      40 |       0 |   0.0 |      17 |       0 |   0.0
            +---------+---------+-------+---------+---------+-------
